 Dungeon Crawl Stone Soup version 0.28.0-53-g5a82cb258f (webtiles) character file.

Game seed: 565842231046745894

138 protoss039 the Digger (level 5, 26/40 HPs)
             Began as a Demonspawn Earth Elementalist on June 16, 2022.
             Got out of the dungeon alive.
             The game lasted 00:04:37 (3333 turns).

protoss039 the Digger (DsEE)                        Turns: 3333, Time: 00:04:38

Health: 26/40      AC:  4    Str:  8    XL:     5   Next: 1%
Magic:  8/8        EV: 12    Int: 19    God:
Gold:   73         SH:  0    Dex: 19    Spells: 3/9 levels left

rFire   . . .      SeeInvis .   s - +0 hand axe (elec)
rCold   + . .      Faith    .   (no shield)
rNeg    . . .      Spirit   .   a - +0 leather armour
rPois   .          Reflect  .   (helmet restricted)
rElec   .          Harm     .   (no cloak)
rCorr   .          Rampage  .   (no gloves)
Will    .....                   (no boots)
Stlth   ++........              (no amulet)
HPRegen 0.13/turn               m - ring of protection from cold
MPRegen 0.11/turn               q - +6 ring of dexterity

@: no status effects
A: antennae 1, rugged brown scales 1
a: no special abilities


You escaped.
You visited 1 branch of the dungeon, and saw 3 of its levels.

You collected 73 gold pieces.

Inventory:

Hand Weapons
 s - a +0 hand axe of electrocution (weapon)
Missiles
 c - 20 stones
Armour
 a - a +0 leather armour (worn)
 r - a +0 helmet
Jewellery
 m - a ring of protection from cold (left hand)
 q - a +6 ring of dexterity (right hand)
Scrolls
 b - a scroll of amnesia {unknown}
 g - a scroll of magic mapping {unknown}
 i - a scroll of noise {unknown}
 j - 3 scrolls of blinking {unknown}
 l - 2 scrolls of identify {unknown}
 n - 2 scrolls of teleportation {unknown}
 o - a scroll of brand weapon {unknown}
Potions
 d - 2 potions of lignification {unknown}
 f - a potion of mutation {unknown}
 h - a potion of curing {unknown}
 k - a potion of heal wounds {unknown}
 p - a potion of haste {unknown}


   Skills:
 * Level 2.6 Fighting
 + Level 1.6 Armour
 - Level 1.7 Dodging
 - Level 1.7 Stealth
 + Level 2.6 Spellcasting
 * Level 1.2 Conjurations
 - Level 1.0 Transmutations
 + Level 3.2 Earth Magic


You had 3 spell levels left.
You knew the following spells:

 Your Spells              Type           Power      Damage    Failure   Level
a - Sandblast             Erth           28%        2d8       6%          1
b - Passwall              Tmut/Erth      8%         N/A       14%         2
c - Stone Arrow           Conj/Erth      22%        3d8       26%         3

Your spell library contained the following spells:

 Spells                   Type           Power      Damage    Failure   Level
 Petrify                  Tmut/Erth      10%        N/A       67%         4


Dungeon Overview and Level Annotations

Branches:
Dungeon (3/15)

Altars:
Wu Jian


Innate Abilities, Weirdness & Mutations

You have a pair of small antennae on your head.
You are partially covered in rugged brown scales. (AC +1, +3% HP)


Message History

Things that are here:
a +0 leather armour; a +0 short sword
There is a stone staircase leading up here.
You see here a +0 dagger.
You climb upwards.
There is a stone staircase leading down here.
There is a stone staircase leading up here.
You climb upwards.
There is a stone staircase leading down here.
Magic restored.
A quokka comes into view.
You can't go up here!
A quokka is nearby!
You are too injured to fight recklessly!
You are too injured to fight recklessly!
Casting: Sandblast (safe; 6% risk of failure)
Confirm with . or Enter, or press ? or * to list all spells.
Aiming: Sandblast (safe; 6% risk of failure)
Press: ? - help, Shift-Dir - straight line, f - you That would be overly suicidal.
Okay, then.
Casting: Sandblast (safe; 6% risk of failure)
Confirm with . or Enter, or press ? or * to list all spells.
Aiming: Sandblast (safe; 6% risk of failure)
Press: ? - help, Shift-Dir - straight line
Okay, then.
The quokka barely misses you.
Casting: Sandblast (safe; 6% risk of failure)
Confirm with . or Enter, or press ? or * to list all spells.
Aiming: Sandblast (safe; 6% risk of failure)
Press: ? - help, Shift-Dir - straight line, f - quokka
Aim: a quokka (71% to hit)
The blast of sand hits the quokka.
You kill the quokka!
Unknown command.
There is an open door here.
There is an open door here.
There is a staircase leading out of the dungeon here.
Are you sure you want to leave the Dungeon?
This will make you lose the game!
You have escaped!

..#ยง..#...# #...#...#..
..#...#...#### ####...#...#..
'##...#...##.#######.##...#...##'
.###..#...#...#...#...#...#..###.
...#'##...#...#.>.#...#...##'#...
.....[##'###'##...##'###'##......
##...........###'###.......(...##
#####.....................######
######.....@.....######....# #
############## #...... #
#............# #...### #
#.##########.#####...... # #.#
#........#### # #.# ########.# #
#.# #.# ### #.# #.# #.## #.# #.#


There were no monsters in sight!

Vanquished Creatures
  An orc priest (D:3)
  An orc wizard (D:3)
  2 adders (D:2)
  2 worms
  3 dart slugs
  4 orcs
  4 giant cockroaches
  5 goblins
  3 hobgoblins
  5 jackals
  2 quokkas (D:1)
  3 ball pythons
  5 bats
  A frilled lizard (D:1)
  2 kobolds (D:3)
  5 rats
48 creatures vanquished.

Notes
Turn   | Place    | Note
-------+----------+-------------------------------------------
     0 | D:1      | protoss039 the Demonspawn Earth Elementalist began the
                  | quest for the Orb.
     0 | D:1      | Reached XP level 1. HP: 13/13 MP: 3/3
   305 | D:1      | Reached skill level 1 in Transmutations
   746 | D:1      | Reached skill level 1 in Fighting
   746 | D:1      | Gained mutation: You are partially covered in rugged brown
                  | scales. (AC +1, +3% HP) [demonic ancestry]
   746 | D:1      | Reached XP level 2. HP: 12/21 MP: 3/5
  1313 | D:1      | Learned a level 2 spell: Passwall
  1378 | D:2      | Reached XP level 3. HP: 23/27 MP: 3/6
  1380 | D:2      | Reached skill level 1 in Armour
  1380 | D:2      | Reached skill level 3 in Earth Magic
  1896 | D:2      | Found a faded altar of an unknown god.
  2053 | D:2      | Found an ornate altar of the Wu Jian Council.
  2136 | D:2      | Learned a level 3 spell: Stone Arrow
  2538 | D:3      | Reached XP level 4. HP: 26/33 MP: 7/7
  3199 | D:3      | Reached skill level 1 in Conjurations
  3199 | D:3      | Gained mutation: You have a pair of small antennae on your
                  | head. [demonic ancestry]
  3199 | D:3      | Reached XP level 5. HP: 8/40 MP: 0/8
  3333 | D:$      | Got out of the dungeon alive.

Illustrated notes

Levels and vault maps discovered:
D:1:      dpeg_arrival_water_fire, layout_basic, st_stairs_13
D:2:      layout_basic, hellmonk_ecumenical_altar_zigzags, basic_altar
D:3:      layout_loops_corners

Skill      XL: |  1  2  3  4 |
---------------+-------------+-----
Transmutations | 1 |  1.0
Fighting       | 1 2 |  2.6
Armour         | 1 |  1.6
Earth Magic    | 3 |  3.2
Conjurations   | 1 |  1.2
Dodging        | |  1.7
Stealth        | |  1.7
Spellcasting   | |  2.6

Action                   |  1- 3 |  4- 6 || total
-------------------------+-------+-------++-------
Melee: Unarmed           |    30 |       ||    30
       Dagger            |   135 |    34 ||   169
       Punch             |     1 |     1 ||     2
       Hand axe          |       |     4 ||     4
 Cast: Sandblast         |    30 |    16 ||    46
       Stone Arrow       |       |     1 ||     1
 Stab: Sleeping          |     3 |     1 ||     4
Armor: Leather armour    |    57 |    15 ||    72
Dodge: Dodged            |   116 |    47 ||   163
